Workbook

Sheet FACTORY COSTING
A1: GRAINSIFT · FACTORY COSTING v3.4
A3: ① ORDER & STYLE
A4: Auto-filled from the line plan / brand master · locked
A5: BUYER | C5: SEASON | E5: STYLE NAME | G5: COLOR | H5: STYLE # | J5: COSTING DATE
A6: ATLAS & CO | C6: SS27 | E6: URBAN DAYPACK 20L | G6: GRAPHITE | H6: SS27-021 | J6: 2026-07-15
A7: CATEGORY | C7: SIZE | E7: STAGE | G7: FORECAST QTY | I7: TARGET FOB
A8: BAGS | C8: ONE SIZE | E8: QUOTATION | G8: 3000 | I8: 12.8
A10: ② FACTORY INPUT
A11: Fill the amber cells only · the rest auto-calculates (locked)
A12: 2a · FACTORY INFO
A13: FACTORY | C13: LOCATION | E13: INCOTERMS | G13: QUOT CURR | H13: LOCAL CURR | I13: EXCH RATE
A14: SUNRISE BAGS CO., LTD | C14: VIETNAM | E14: FOB HO CHI MINH | G14: USD | H14: VND | I14: 25400
A16: 2b · MATERIALS (item + consumption auto-linked from CONSUMPTION CALCULATOR)
A17: ITEM | B17: SPEC | C17: SUPPLIER | D17: UNIT | E17: LOCAL PRICE | F17: USD PRICE | G17: CONS | H17: UOM | J17: AMOUNT ($)
A18: FABRIC BODY | B18: 900D RECYCLED POLY, PU COATED | C18: DYNATEX | D18: yd | F18: 2.85 | G18: 1.1 | H18: yd | J18: 3.135
A19: FABRIC LINING | B19: 210D POLYESTER | C19: DYNATEX | D19: yd | F19: 1.45 | G19: 0.9 | H19: yd | J19: 1.305
A20: WEBBING | B20: 25MM NYLON | C20: HANG SHENG | D20: yd | F20: 0.32 | G20: 2.5 | H20: yd | J20: 0.8
A21: ZIPPER | B21: YKK #5 RC | C21: YKK VN | D21: pc | F21: 0.58 | G21: 1.8 | H21: pc | J21: 1.044
A22: ZIPPER PULLER | B22: METAL, CUSTOM LOGO | C22: YKK VN | D22: pc | F22: 0.12 | G22: 4 | H22: pc | J22: 0.48
A23: BUCKLE | B23: DURAFLEX 25MM | C23: DURAFLEX | D23: pc | F23: 0.21 | G23: 2 | H23: pc | J23: 0.42
A24: FOAM | B24: EVA 5MM BACK PANEL | C24: VINA FOAM | D24: yd | F24: 0.65 | G24: 0.55 | H24: yd | J24: 0.3575
A25: LABEL SET | B25: WOVEN LABEL + HANGTAG | C25: LABEL HOUSE | D25: set | F25: 0.18 | G25: 1 | H25: set | J25: 0.18
A26: PACKING | B26: POLYBAG + CARTON SHARE | C26: LOCAL | D26: set | F26: 0.6085 | G26: 1 | H26: set | J26: 0.6085
A27: =IF('CONSUMPTION CALCULATOR'!B86="","",'CONSUMPTION CALCULATOR'!B86) | F27: =IF(E27="","",E27/$I$14) | G27: =IF('CONSUMPTION CALCULATOR'!B86="","",'CONSUMPTION CALCULATOR'!E86) | H27: =IF('CONSUMPTION CALCULATOR'!B86="","",'CONSUMPTION CALCULATOR'!C86) | J27: =IF(OR(F27="",G27=""),"",F27*G27)
A28: =IF('CONSUMPTION CALCULATOR'!B95="","",'CONSUMPTION CALCULATOR'!B95) | F28: =IF(E28="","",E28/$I$14) | G28: =IF('CONSUMPTION CALCULATOR'!B95="","",'CONSUMPTION CALCULATOR'!E95) | H28: =IF('CONSUMPTION CALCULATOR'!B95="","",'CONSUMPTION CALCULATOR'!C95) | J28: =IF(OR(F28="",G28=""),"",F28*G28)
A29: =IF('CONSUMPTION CALCULATOR'!B104="","",'CONSUMPTION CALCULATOR'!B104) | F29: =IF(E29="","",E29/$I$14) | G29: =IF('CONSUMPTION CALCULATOR'!B104="","",'CONSUMPTION CALCULATOR'!E104) | H29: =IF('CONSUMPTION CALCULATOR'!B104="","",'CONSUMPTION CALCULATOR'!C104) | J29: =IF(OR(F29="",G29=""),"",F29*G29)
A30: =IF('CONSUMPTION CALCULATOR'!B113="","",'CONSUMPTION CALCULATOR'!B113) | F30: =IF(E30="","",E30/$I$14) | G30: =IF('CONSUMPTION CALCULATOR'!B113="","",'CONSUMPTION CALCULATOR'!E113) | H30: =IF('CONSUMPTION CALCULATOR'!B113="","",'CONSUMPTION CALCULATOR'!C113) | J30: =IF(OR(F30="",G30=""),"",F30*G30)
A31: =IF('CONSUMPTION CALCULATOR'!B122="","",'CONSUMPTION CALCULATOR'!B122) | F31: =IF(E31="","",E31/$I$14) | G31: =IF('CONSUMPTION CALCULATOR'!B122="","",'CONSUMPTION CALCULATOR'!E122) | H31: =IF('CONSUMPTION CALCULATOR'!B122="","",'CONSUMPTION CALCULATOR'!C122) | J31: =IF(OR(F31="",G31=""),"",F31*G31)
A32: =IF('CONSUMPTION CALCULATOR'!B131="","",'CONSUMPTION CALCULATOR'!B131) | F32: =IF(E32="","",E32/$I$14) | G32: =IF('CONSUMPTION CALCULATOR'!B131="","",'CONSUMPTION CALCULATOR'!E131) | H32: =IF('CONSUMPTION CALCULATOR'!B131="","",'CONSUMPTION CALCULATOR'!C131) | J32: =IF(OR(F32="",G32=""),"",F32*G32)
A33: =IF('CONSUMPTION CALCULATOR'!B140="","",'CONSUMPTION CALCULATOR'!B140) | F33: =IF(E33="","",E33/$I$14) | G33: =IF('CONSUMPTION CALCULATOR'!B140="","",'CONSUMPTION CALCULATOR'!E140) | H33: =IF('CONSUMPTION CALCULATOR'!B140="","",'CONSUMPTION CALCULATOR'!C140) | J33: =IF(OR(F33="",G33=""),"",F33*G33)
A34: =IF('CONSUMPTION CALCULATOR'!B149="","",'CONSUMPTION CALCULATOR'!B149) | F34: =IF(E34="","",E34/$I$14) | G34: =IF('CONSUMPTION CALCULATOR'!B149="","",'CONSUMPTION CALCULATOR'!E149) | H34: =IF('CONSUMPTION CALCULATOR'!B149="","",'CONSUMPTION CALCULATOR'!C149) | J34: =IF(OR(F34="",G34=""),"",F34*G34)
A35: =IF('CONSUMPTION CALCULATOR'!B158="","",'CONSUMPTION CALCULATOR'!B158) | F35: =IF(E35="","",E35/$I$14) | G35: =IF('CONSUMPTION CALCULATOR'!B158="","",'CONSUMPTION CALCULATOR'!E158) | H35: =IF('CONSUMPTION CALCULATOR'!B158="","",'CONSUMPTION CALCULATOR'!C158) | J35: =IF(OR(F35="",G35=""),"",F35*G35)
A36: =IF('CONSUMPTION CALCULATOR'!B167="","",'CONSUMPTION CALCULATOR'!B167) | F36: =IF(E36="","",E36/$I$14) | G36: =IF('CONSUMPTION CALCULATOR'!B167="","",'CONSUMPTION CALCULATOR'!E167) | H36: =IF('CONSUMPTION CALCULATOR'!B167="","",'CONSUMPTION CALCULATOR'!C167) | J36: =IF(OR(F36="",G36=""),"",F36*G36)
A37: =IF('CONSUMPTION CALCULATOR'!B176="","",'CONSUMPTION CALCULATOR'!B176) | F37: =IF(E37="","",E37/$I$14) | G37: =IF('CONSUMPTION CALCULATOR'!B176="","",'CONSUMPTION CALCULATOR'!E176) | H37: =IF('CONSUMPTION CALCULATOR'!B176="","",'CONSUMPTION CALCULATOR'!C176) | J37: =IF(OR(F37="",G37=""),"",F37*G37)
A38: =IF('CONSUMPTION CALCULATOR'!B185="","",'CONSUMPTION CALCULATOR'!B185) | F38: =IF(E38="","",E38/$I$14) | G38: =IF('CONSUMPTION CALCULATOR'!B185="","",'CONSUMPTION CALCULATOR'!E185) | H38: =IF('CONSUMPTION CALCULATOR'!B185="","",'CONSUMPTION CALCULATOR'!C185) | J38: =IF(OR(F38="",G38=""),"",F38*G38)
A39: =IF('CONSUMPTION CALCULATOR'!B194="","",'CONSUMPTION CALCULATOR'!B194) | F39: =IF(E39="","",E39/$I$14) | G39: =IF('CONSUMPTION CALCULATOR'!B194="","",'CONSUMPTION CALCULATOR'!E194) | H39: =IF('CONSUMPTION CALCULATOR'!B194="","",'CONSUMPTION CALCULATOR'!C194) | J39: =IF(OR(F39="",G39=""),"",F39*G39)
A40: =IF('CONSUMPTION CALCULATOR'!B203="","",'CONSUMPTION CALCULATOR'!B203) | F40: =IF(E40="","",E40/$I$14) | G40: =IF('CONSUMPTION CALCULATOR'!B203="","",'CONSUMPTION CALCULATOR'!E203) | H40: =IF('CONSUMPTION CALCULATOR'!B203="","",'CONSUMPTION CALCULATOR'!C203) | J40: =IF(OR(F40="",G40=""),"",F40*G40)
A41: =IF('CONSUMPTION CALCULATOR'!B212="","",'CONSUMPTION CALCULATOR'!B212) | F41: =IF(E41="","",E41/$I$14) | G41: =IF('CONSUMPTION CALCULATOR'!B212="","",'CONSUMPTION CALCULATOR'!E212) | H41: =IF('CONSUMPTION CALCULATOR'!B212="","",'CONSUMPTION CALCULATOR'!C212) | J41: =IF(OR(F41="",G41=""),"",F41*G41)
A42: =IF('CONSUMPTION CALCULATOR'!B221="","",'CONSUMPTION CALCULATOR'!B221) | F42: =IF(E42="","",E42/$I$14) | G42: =IF('CONSUMPTION CALCULATOR'!B221="","",'CONSUMPTION CALCULATOR'!E221) | H42: =IF('CONSUMPTION CALCULATOR'!B221="","",'CONSUMPTION CALCULATOR'!C221) | J42: =IF(OR(F42="",G42=""),"",F42*G42)
A43: =IF('CONSUMPTION CALCULATOR'!B230="","",'CONSUMPTION CALCULATOR'!B230) | F43: =IF(E43="","",E43/$I$14) | G43: =IF('CONSUMPTION CALCULATOR'!B230="","",'CONSUMPTION CALCULATOR'!E230) | H43: =IF('CONSUMPTION CALCULATOR'!B230="","",'CONSUMPTION CALCULATOR'!C230) | J43: =IF(OR(F43="",G43=""),"",F43*G43)
A44: =IF('CONSUMPTION CALCULATOR'!B239="","",'CONSUMPTION CALCULATOR'!B239) | F44: =IF(E44="","",E44/$I$14) | G44: =IF('CONSUMPTION CALCULATOR'!B239="","",'CONSUMPTION CALCULATOR'!E239) | H44: =IF('CONSUMPTION CALCULATOR'!B239="","",'CONSUMPTION CALCULATOR'!C239) | J44: =IF(OR(F44="",G44=""),"",F44*G44)
A45: =IF('CONSUMPTION CALCULATOR'!B248="","",'CONSUMPTION CALCULATOR'!B248) | F45: =IF(E45="","",E45/$I$14) | G45: =IF('CONSUMPTION CALCULATOR'!B248="","",'CONSUMPTION CALCULATOR'!E248) | H45: =IF('CONSUMPTION CALCULATOR'!B248="","",'CONSUMPTION CALCULATOR'!C248) | J45: =IF(OR(F45="",G45=""),"",F45*G45)
A46: =IF('CONSUMPTION CALCULATOR'!B257="","",'CONSUMPTION CALCULATOR'!B257) | F46: =IF(E46="","",E46/$I$14) | G46: =IF('CONSUMPTION CALCULATOR'!B257="","",'CONSUMPTION CALCULATOR'!E257) | H46: =IF('CONSUMPTION CALCULATOR'!B257="","",'CONSUMPTION CALCULATOR'!C257) | J46: =IF(OR(F46="",G46=""),"",F46*G46)
A47: =IF('CONSUMPTION CALCULATOR'!B266="","",'CONSUMPTION CALCULATOR'!B266) | F47: =IF(E47="","",E47/$I$14) | G47: =IF('CONSUMPTION CALCULATOR'!B266="","",'CONSUMPTION CALCULATOR'!E266) | H47: =IF('CONSUMPTION CALCULATOR'!B266="","",'CONSUMPTION CALCULATOR'!C266) | J47: =IF(OR(F47="",G47=""),"",F47*G47)
A48: =IF('CONSUMPTION CALCULATOR'!B275="","",'CONSUMPTION CALCULATOR'!B275) | F48: =IF(E48="","",E48/$I$14) | G48: =IF('CONSUMPTION CALCULATOR'!B275="","",'CONSUMPTION CALCULATOR'!E275) | H48: =IF('CONSUMPTION CALCULATOR'!B275="","",'CONSUMPTION CALCULATOR'!C275) | J48: =IF(OR(F48="",G48=""),"",F48*G48)
A49: =IF('CONSUMPTION CALCULATOR'!B284="","",'CONSUMPTION CALCULATOR'!B284) | F49: =IF(E49="","",E49/$I$14) | G49: =IF('CONSUMPTION CALCULATOR'!B284="","",'CONSUMPTION CALCULATOR'!E284) | H49: =IF('CONSUMPTION CALCULATOR'!B284="","",'CONSUMPTION CALCULATOR'!C284) | J49: =IF(OR(F49="",G49=""),"",F49*G49)
A50: =IF('CONSUMPTION CALCULATOR'!B293="","",'CONSUMPTION CALCULATOR'!B293) | F50: =IF(E50="","",E50/$I$14) | G50: =IF('CONSUMPTION CALCULATOR'!B293="","",'CONSUMPTION CALCULATOR'!E293) | H50: =IF('CONSUMPTION CALCULATOR'!B293="","",'CONSUMPTION CALCULATOR'!C293) | J50: =IF(OR(F50="",G50=""),"",F50*G50)
A51: =IF('CONSUMPTION CALCULATOR'!B302="","",'CONSUMPTION CALCULATOR'!B302) | F51: =IF(E51="","",E51/$I$14) | G51: =IF('CONSUMPTION CALCULATOR'!B302="","",'CONSUMPTION CALCULATOR'!E302) | H51: =IF('CONSUMPTION CALCULATOR'!B302="","",'CONSUMPTION CALCULATOR'!C302) | J51: =IF(OR(F51="",G51=""),"",F51*G51)
A52: =IF('CONSUMPTION CALCULATOR'!B311="","",'CONSUMPTION CALCULATOR'!B311) | F52: =IF(E52="","",E52/$I$14) | G52: =IF('CONSUMPTION CALCULATOR'!B311="","",'CONSUMPTION CALCULATOR'!E311) | H52: =IF('CONSUMPTION CALCULATOR'!B311="","",'CONSUMPTION CALCULATOR'!C311) | J52: =IF(OR(F52="",G52=""),"",F52*G52)
A53: =IF('CONSUMPTION CALCULATOR'!B320="","",'CONSUMPTION CALCULATOR'!B320) | F53: =IF(E53="","",E53/$I$14) | G53: =IF('CONSUMPTION CALCULATOR'!B320="","",'CONSUMPTION CALCULATOR'!E320) | H53: =IF('CONSUMPTION CALCULATOR'!B320="","",'CONSUMPTION CALCULATOR'!C320) | J53: =IF(OR(F53="",G53=""),"",F53*G53)
A54: =IF('CONSUMPTION CALCULATOR'!B329="","",'CONSUMPTION CALCULATOR'!B329) | F54: =IF(E54="","",E54/$I$14) | G54: =IF('CONSUMPTION CALCULATOR'!B329="","",'CONSUMPTION CALCULATOR'!E329) | H54: =IF('CONSUMPTION CALCULATOR'!B329="","",'CONSUMPTION CALCULATOR'!C329) | J54: =IF(OR(F54="",G54=""),"",F54*G54)
A55: =IF('CONSUMPTION CALCULATOR'!B338="","",'CONSUMPTION CALCULATOR'!B338) | F55: =IF(E55="","",E55/$I$14) | G55: =IF('CONSUMPTION CALCULATOR'!B338="","",'CONSUMPTION CALCULATOR'!E338) | H55: =IF('CONSUMPTION CALCULATOR'!B338="","",'CONSUMPTION CALCULATOR'!C338) | J55: =IF(OR(F55="",G55=""),"",F55*G55)
A56: =IF('CONSUMPTION CALCULATOR'!B347="","",'CONSUMPTION CALCULATOR'!B347) | F56: =IF(E56="","",E56/$I$14) | G56: =IF('CONSUMPTION CALCULATOR'!B347="","",'CONSUMPTION CALCULATOR'!E347) | H56: =IF('CONSUMPTION CALCULATOR'!B347="","",'CONSUMPTION CALCULATOR'!C347) | J56: =IF(OR(F56="",G56=""),"",F56*G56)
A57: =IF('CONSUMPTION CALCULATOR'!B356="","",'CONSUMPTION CALCULATOR'!B356) | F57: =IF(E57="","",E57/$I$14) | G57: =IF('CONSUMPTION CALCULATOR'!B356="","",'CONSUMPTION CALCULATOR'!E356) | H57: =IF('CONSUMPTION CALCULATOR'!B356="","",'CONSUMPTION CALCULATOR'!C356) | J57: =IF(OR(F57="",G57=""),"",F57*G57)
A58: =IF('CONSUMPTION CALCULATOR'!B365="","",'CONSUMPTION CALCULATOR'!B365) | F58: =IF(E58="","",E58/$I$14) | G58: =IF('CONSUMPTION CALCULATOR'!B365="","",'CONSUMPTION CALCULATOR'!E365) | H58: =IF('CONSUMPTION CALCULATOR'!B365="","",'CONSUMPTION CALCULATOR'!C365) | J58: =IF(OR(F58="",G58=""),"",F58*G58)
A59: =IF('CONSUMPTION CALCULATOR'!B374="","",'CONSUMPTION CALCULATOR'!B374) | F59: =IF(E59="","",E59/$I$14) | G59: =IF('CONSUMPTION CALCULATOR'!B374="","",'CONSUMPTION CALCULATOR'!E374) | H59: =IF('CONSUMPTION CALCULATOR'!B374="","",'CONSUMPTION CALCULATOR'!C374) | J59: =IF(OR(F59="",G59=""),"",F59*G59)
A60: =IF('CONSUMPTION CALCULATOR'!B383="","",'CONSUMPTION CALCULATOR'!B383) | F60: =IF(E60="","",E60/$I$14) | G60: =IF('CONSUMPTION CALCULATOR'!B383="","",'CONSUMPTION CALCULATOR'!E383) | H60: =IF('CONSUMPTION CALCULATOR'!B383="","",'CONSUMPTION CALCULATOR'!C383) | J60: =IF(OR(F60="",G60=""),"",F60*G60)
A61: =IF('CONSUMPTION CALCULATOR'!B392="","",'CONSUMPTION CALCULATOR'!B392) | F61: =IF(E61="","",E61/$I$14) | G61: =IF('CONSUMPTION CALCULATOR'!B392="","",'CONSUMPTION CALCULATOR'!E392) | H61: =IF('CONSUMPTION CALCULATOR'!B392="","",'CONSUMPTION CALCULATOR'!C392) | J61: =IF(OR(F61="",G61=""),"",F61*G61)
A62: =IF('CONSUMPTION CALCULATOR'!B401="","",'CONSUMPTION CALCULATOR'!B401) | F62: =IF(E62="","",E62/$I$14) | G62: =IF('CONSUMPTION CALCULATOR'!B401="","",'CONSUMPTION CALCULATOR'!E401) | H62: =IF('CONSUMPTION CALCULATOR'!B401="","",'CONSUMPTION CALCULATOR'!C401) | J62: =IF(OR(F62="",G62=""),"",F62*G62)
A63: =IF('CONSUMPTION CALCULATOR'!B410="","",'CONSUMPTION CALCULATOR'!B410) | F63: =IF(E63="","",E63/$I$14) | G63: =IF('CONSUMPTION CALCULATOR'!B410="","",'CONSUMPTION CALCULATOR'!E410) | H63: =IF('CONSUMPTION CALCULATOR'!B410="","",'CONSUMPTION CALCULATOR'!C410) | J63: =IF(OR(F63="",G63=""),"",F63*G63)
A64: =IF('CONSUMPTION CALCULATOR'!B419="","",'CONSUMPTION CALCULATOR'!B419) | F64: =IF(E64="","",E64/$I$14) | G64: =IF('CONSUMPTION CALCULATOR'!B419="","",'CONSUMPTION CALCULATOR'!E419) | H64: =IF('CONSUMPTION CALCULATOR'!B419="","",'CONSUMPTION CALCULATOR'!C419) | J64: =IF(OR(F64="",G64=""),"",F64*G64)
A65: =IF('CONSUMPTION CALCULATOR'!B428="","",'CONSUMPTION CALCULATOR'!B428) | F65: =IF(E65="","",E65/$I$14) | G65: =IF('CONSUMPTION CALCULATOR'!B428="","",'CONSUMPTION CALCULATOR'!E428) | H65: =IF('CONSUMPTION CALCULATOR'!B428="","",'CONSUMPTION CALCULATOR'!C428) | J65: =IF(OR(F65="",G65=""),"",F65*G65)
A66: =IF('CONSUMPTION CALCULATOR'!B437="","",'CONSUMPTION CALCULATOR'!B437) | F66: =IF(E66="","",E66/$I$14) | G66: =IF('CONSUMPTION CALCULATOR'!B437="","",'CONSUMPTION CALCULATOR'!E437) | H66: =IF('CONSUMPTION CALCULATOR'!B437="","",'CONSUMPTION CALCULATOR'!C437) | J66: =IF(OR(F66="",G66=""),"",F66*G66)
A67: =IF('CONSUMPTION CALCULATOR'!B446="","",'CONSUMPTION CALCULATOR'!B446) | F67: =IF(E67="","",E67/$I$14) | G67: =IF('CONSUMPTION CALCULATOR'!B446="","",'CONSUMPTION CALCULATOR'!E446) | H67: =IF('CONSUMPTION CALCULATOR'!B446="","",'CONSUMPTION CALCULATOR'!C446) | J67: =IF(OR(F67="",G67=""),"",F67*G67)
A68: =IF('CONSUMPTION CALCULATOR'!B455="","",'CONSUMPTION CALCULATOR'!B455) | F68: =IF(E68="","",E68/$I$14) | G68: =IF('CONSUMPTION CALCULATOR'!B455="","",'CONSUMPTION CALCULATOR'!E455) | H68: =IF('CONSUMPTION CALCULATOR'!B455="","",'CONSUMPTION CALCULATOR'!C455) | J68: =IF(OR(F68="",G68=""),"",F68*G68)
A69: =IF('CONSUMPTION CALCULATOR'!B464="","",'CONSUMPTION CALCULATOR'!B464) | F69: =IF(E69="","",E69/$I$14) | G69: =IF('CONSUMPTION CALCULATOR'!B464="","",'CONSUMPTION CALCULATOR'!E464) | H69: =IF('CONSUMPTION CALCULATOR'!B464="","",'CONSUMPTION CALCULATOR'!C464) | J69: =IF(OR(F69="",G69=""),"",F69*G69)
A70: =IF('CONSUMPTION CALCULATOR'!B473="","",'CONSUMPTION CALCULATOR'!B473) | F70: =IF(E70="","",E70/$I$14) | G70: =IF('CONSUMPTION CALCULATOR'!B473="","",'CONSUMPTION CALCULATOR'!E473) | H70: =IF('CONSUMPTION CALCULATOR'!B473="","",'CONSUMPTION CALCULATOR'!C473) | J70: =IF(OR(F70="",G70=""),"",F70*G70)
A71: =IF('CONSUMPTION CALCULATOR'!B482="","",'CONSUMPTION CALCULATOR'!B482) | F71: =IF(E71="","",E71/$I$14) | G71: =IF('CONSUMPTION CALCULATOR'!B482="","",'CONSUMPTION CALCULATOR'!E482) | H71: =IF('CONSUMPTION CALCULATOR'!B482="","",'CONSUMPTION CALCULATOR'!C482) | J71: =IF(OR(F71="",G71=""),"",F71*G71)
A72: =IF('CONSUMPTION CALCULATOR'!B491="","",'CONSUMPTION CALCULATOR'!B491) | F72: =IF(E72="","",E72/$I$14) | G72: =IF('CONSUMPTION CALCULATOR'!B491="","",'CONSUMPTION CALCULATOR'!E491) | H72: =IF('CONSUMPTION CALCULATOR'!B491="","",'CONSUMPTION CALCULATOR'!C491) | J72: =IF(OR(F72="",G72=""),"",F72*G72)
A73: =IF('CONSUMPTION CALCULATOR'!B500="","",'CONSUMPTION CALCULATOR'!B500) | F73: =IF(E73="","",E73/$I$14) | G73: =IF('CONSUMPTION CALCULATOR'!B500="","",'CONSUMPTION CALCULATOR'!E500) | H73: =IF('CONSUMPTION CALCULATOR'!B500="","",'CONSUMPTION CALCULATOR'!C500) | J73: =IF(OR(F73="",G73=""),"",F73*G73)
A74: =IF('CONSUMPTION CALCULATOR'!B509="","",'CONSUMPTION CALCULATOR'!B509) | F74: =IF(E74="","",E74/$I$14) | G74: =IF('CONSUMPTION CALCULATOR'!B509="","",'CONSUMPTION CALCULATOR'!E509) | H74: =IF('CONSUMPTION CALCULATOR'!B509="","",'CONSUMPTION CALCULATOR'!C509) | J74: =IF(OR(F74="",G74=""),"",F74*G74)
A75: =IF('CONSUMPTION CALCULATOR'!B518="","",'CONSUMPTION CALCULATOR'!B518) | F75: =IF(E75="","",E75/$I$14) | G75: =IF('CONSUMPTION CALCULATOR'!B518="","",'CONSUMPTION CALCULATOR'!E518) | H75: =IF('CONSUMPTION CALCULATOR'!B518="","",'CONSUMPTION CALCULATOR'!C518) | J75: =IF(OR(F75="",G75=""),"",F75*G75)
A76: =IF('CONSUMPTION CALCULATOR'!B527="","",'CONSUMPTION CALCULATOR'!B527) | F76: =IF(E76="","",E76/$I$14) | G76: =IF('CONSUMPTION CALCULATOR'!B527="","",'CONSUMPTION CALCULATOR'!E527) | H76: =IF('CONSUMPTION CALCULATOR'!B527="","",'CONSUMPTION CALCULATOR'!C527) | J76: =IF(OR(F76="",G76=""),"",F76*G76)
A77: =IF('CONSUMPTION CALCULATOR'!B536="","",'CONSUMPTION CALCULATOR'!B536) | F77: =IF(E77="","",E77/$I$14) | G77: =IF('CONSUMPTION CALCULATOR'!B536="","",'CONSUMPTION CALCULATOR'!E536) | H77: =IF('CONSUMPTION CALCULATOR'!B536="","",'CONSUMPTION CALCULATOR'!C536) | J77: =IF(OR(F77="",G77=""),"",F77*G77)
A78: =IF('CONSUMPTION CALCULATOR'!B545="","",'CONSUMPTION CALCULATOR'!B545) | F78: =IF(E78="","",E78/$I$14) | G78: =IF('CONSUMPTION CALCULATOR'!B545="","",'CONSUMPTION CALCULATOR'!E545) | H78: =IF('CONSUMPTION CALCULATOR'!B545="","",'CONSUMPTION CALCULATOR'!C545) | J78: =IF(OR(F78="",G78=""),"",F78*G78)
A79: =IF('CONSUMPTION CALCULATOR'!B554="","",'CONSUMPTION CALCULATOR'!B554) | F79: =IF(E79="","",E79/$I$14) | G79: =IF('CONSUMPTION CALCULATOR'!B554="","",'CONSUMPTION CALCULATOR'!E554) | H79: =IF('CONSUMPTION CALCULATOR'!B554="","",'CONSUMPTION CALCULATOR'!C554) | J79: =IF(OR(F79="",G79=""),"",F79*G79)
A80: =IF('CONSUMPTION CALCULATOR'!B563="","",'CONSUMPTION CALCULATOR'!B563) | F80: =IF(E80="","",E80/$I$14) | G80: =IF('CONSUMPTION CALCULATOR'!B563="","",'CONSUMPTION CALCULATOR'!E563) | H80: =IF('CONSUMPTION CALCULATOR'!B563="","",'CONSUMPTION CALCULATOR'!C563) | J80: =IF(OR(F80="",G80=""),"",F80*G80)
A81: =IF('CONSUMPTION CALCULATOR'!B572="","",'CONSUMPTION CALCULATOR'!B572) | F81: =IF(E81="","",E81/$I$14) | G81: =IF('CONSUMPTION CALCULATOR'!B572="","",'CONSUMPTION CALCULATOR'!E572) | H81: =IF('CONSUMPTION CALCULATOR'!B572="","",'CONSUMPTION CALCULATOR'!C572) | J81: =IF(OR(F81="",G81=""),"",F81*G81)
A82: =IF('CONSUMPTION CALCULATOR'!B581="","",'CONSUMPTION CALCULATOR'!B581) | F82: =IF(E82="","",E82/$I$14) | G82: =IF('CONSUMPTION CALCULATOR'!B581="","",'CONSUMPTION CALCULATOR'!E581) | H82: =IF('CONSUMPTION CALCULATOR'!B581="","",'CONSUMPTION CALCULATOR'!C581) | J82: =IF(OR(F82="",G82=""),"",F82*G82)
A83: =IF('CONSUMPTION CALCULATOR'!B590="","",'CONSUMPTION CALCULATOR'!B590) | F83: =IF(E83="","",E83/$I$14) | G83: =IF('CONSUMPTION CALCULATOR'!B590="","",'CONSUMPTION CALCULATOR'!E590) | H83: =IF('CONSUMPTION CALCULATOR'!B590="","",'CONSUMPTION CALCULATOR'!C590) | J83: =IF(OR(F83="",G83=""),"",F83*G83)
A84: =IF('CONSUMPTION CALCULATOR'!B599="","",'CONSUMPTION CALCULATOR'!B599) | F84: =IF(E84="","",E84/$I$14) | G84: =IF('CONSUMPTION CALCULATOR'!B599="","",'CONSUMPTION CALCULATOR'!E599) | H84: =IF('CONSUMPTION CALCULATOR'!B599="","",'CONSUMPTION CALCULATOR'!C599) | J84: =IF(OR(F84="",G84=""),"",F84*G84)
A85: =IF('CONSUMPTION CALCULATOR'!B608="","",'CONSUMPTION CALCULATOR'!B608) | F85: =IF(E85="","",E85/$I$14) | G85: =IF('CONSUMPTION CALCULATOR'!B608="","",'CONSUMPTION CALCULATOR'!E608) | H85: =IF('CONSUMPTION CALCULATOR'!B608="","",'CONSUMPTION CALCULATOR'!C608) | J85: =IF(OR(F85="",G85=""),"",F85*G85)
A86: =IF('CONSUMPTION CALCULATOR'!B617="","",'CONSUMPTION CALCULATOR'!B617) | F86: =IF(E86="","",E86/$I$14) | G86: =IF('CONSUMPTION CALCULATOR'!B617="","",'CONSUMPTION CALCULATOR'!E617) | H86: =IF('CONSUMPTION CALCULATOR'!B617="","",'CONSUMPTION CALCULATOR'!C617) | J86: =IF(OR(F86="",G86=""),"",F86*G86)
A87: =IF('CONSUMPTION CALCULATOR'!B626="","",'CONSUMPTION CALCULATOR'!B626) | F87: =IF(E87="","",E87/$I$14) | G87: =IF('CONSUMPTION CALCULATOR'!B626="","",'CONSUMPTION CALCULATOR'!E626) | H87: =IF('CONSUMPTION CALCULATOR'!B626="","",'CONSUMPTION CALCULATOR'!C626) | J87: =IF(OR(F87="",G87=""),"",F87*G87)
A88: =IF('CONSUMPTION CALCULATOR'!B635="","",'CONSUMPTION CALCULATOR'!B635) | F88: =IF(E88="","",E88/$I$14) | G88: =IF('CONSUMPTION CALCULATOR'!B635="","",'CONSUMPTION CALCULATOR'!E635) | H88: =IF('CONSUMPTION CALCULATOR'!B635="","",'CONSUMPTION CALCULATOR'!C635) | J88: =IF(OR(F88="",G88=""),"",F88*G88)
A89: =IF('CONSUMPTION CALCULATOR'!B644="","",'CONSUMPTION CALCULATOR'!B644) | F89: =IF(E89="","",E89/$I$14) | G89: =IF('CONSUMPTION CALCULATOR'!B644="","",'CONSUMPTION CALCULATOR'!E644) | H89: =IF('CONSUMPTION CALCULATOR'!B644="","",'CONSUMPTION CALCULATOR'!C644) | J89: =IF(OR(F89="",G89=""),"",F89*G89)
A90: =IF('CONSUMPTION CALCULATOR'!B653="","",'CONSUMPTION CALCULATOR'!B653) | F90: =IF(E90="","",E90/$I$14) | G90: =IF('CONSUMPTION CALCULATOR'!B653="","",'CONSUMPTION CALCULATOR'!E653) | H90: =IF('CONSUMPTION CALCULATOR'!B653="","",'CONSUMPTION CALCULATOR'!C653) | J90: =IF(OR(F90="",G90=""),"",F90*G90)
A91: =IF('CONSUMPTION CALCULATOR'!B662="","",'CONSUMPTION CALCULATOR'!B662) | F91: =IF(E91="","",E91/$I$14) | G91: =IF('CONSUMPTION CALCULATOR'!B662="","",'CONSUMPTION CALCULATOR'!E662) | H91: =IF('CONSUMPTION CALCULATOR'!B662="","",'CONSUMPTION CALCULATOR'!C662) | J91: =IF(OR(F91="",G91=""),"",F91*G91)
A92: =IF('CONSUMPTION CALCULATOR'!B671="","",'CONSUMPTION CALCULATOR'!B671) | F92: =IF(E92="","",E92/$I$14) | G92: =IF('CONSUMPTION CALCULATOR'!B671="","",'CONSUMPTION CALCULATOR'!E671) | H92: =IF('CONSUMPTION CALCULATOR'!B671="","",'CONSUMPTION CALCULATOR'!C671) | J92: =IF(OR(F92="",G92=""),"",F92*G92)
A93: =IF('CONSUMPTION CALCULATOR'!B680="","",'CONSUMPTION CALCULATOR'!B680) | F93: =IF(E93="","",E93/$I$14) | G93: =IF('CONSUMPTION CALCULATOR'!B680="","",'CONSUMPTION CALCULATOR'!E680) | H93: =IF('CONSUMPTION CALCULATOR'!B680="","",'CONSUMPTION CALCULATOR'!C680) | J93: =IF(OR(F93="",G93=""),"",F93*G93)
A94: =IF('CONSUMPTION CALCULATOR'!B689="","",'CONSUMPTION CALCULATOR'!B689) | F94: =IF(E94="","",E94/$I$14) | G94: =IF('CONSUMPTION CALCULATOR'!B689="","",'CONSUMPTION CALCULATOR'!E689) | H94: =IF('CONSUMPTION CALCULATOR'!B689="","",'CONSUMPTION CALCULATOR'!C689) | J94: =IF(OR(F94="",G94=""),"",F94*G94)
A95: =IF('CONSUMPTION CALCULATOR'!B698="","",'CONSUMPTION CALCULATOR'!B698) | F95: =IF(E95="","",E95/$I$14) | G95: =IF('CONSUMPTION CALCULATOR'!B698="","",'CONSUMPTION CALCULATOR'!E698) | H95: =IF('CONSUMPTION CALCULATOR'!B698="","",'CONSUMPTION CALCULATOR'!C698) | J95: =IF(OR(F95="",G95=""),"",F95*G95)
A96: =IF('CONSUMPTION CALCULATOR'!B707="","",'CONSUMPTION CALCULATOR'!B707) | F96: =IF(E96="","",E96/$I$14) | G96: =IF('CONSUMPTION CALCULATOR'!B707="","",'CONSUMPTION CALCULATOR'!E707) | H96: =IF('CONSUMPTION CALCULATOR'!B707="","",'CONSUMPTION CALCULATOR'!C707) | J96: =IF(OR(F96="",G96=""),"",F96*G96)
A97: =IF('CONSUMPTION CALCULATOR'!B716="","",'CONSUMPTION CALCULATOR'!B716) | F97: =IF(E97="","",E97/$I$14) | G97: =IF('CONSUMPTION CALCULATOR'!B716="","",'CONSUMPTION CALCULATOR'!E716) | H97: =IF('CONSUMPTION CALCULATOR'!B716="","",'CONSUMPTION CALCULATOR'!C716) | J97: =IF(OR(F97="",G97=""),"",F97*G97)
A98: =IF('CONSUMPTION CALCULATOR'!B725="","",'CONSUMPTION CALCULATOR'!B725) | F98: =IF(E98="","",E98/$I$14) | G98: =IF('CONSUMPTION CALCULATOR'!B725="","",'CONSUMPTION CALCULATOR'!E725) | H98: =IF('CONSUMPTION CALCULATOR'!B725="","",'CONSUMPTION CALCULATOR'!C725) | J98: =IF(OR(F98="",G98=""),"",F98*G98)
A99: =IF('CONSUMPTION CALCULATOR'!B734="","",'CONSUMPTION CALCULATOR'!B734) | F99: =IF(E99="","",E99/$I$14) | G99: =IF('CONSUMPTION CALCULATOR'!B734="","",'CONSUMPTION CALCULATOR'!E734) | H99: =IF('CONSUMPTION CALCULATOR'!B734="","",'CONSUMPTION CALCULATOR'!C734) | J99: =IF(OR(F99="",G99=""),"",F99*G99)
A100: =IF('CONSUMPTION CALCULATOR'!B743="","",'CONSUMPTION CALCULATOR'!B743) | F100: =IF(E100="","",E100/$I$14) | G100: =IF('CONSUMPTION CALCULATOR'!B743="","",'CONSUMPTION CALCULATOR'!E743) | H100: =IF('CONSUMPTION CALCULATOR'!B743="","",'CONSUMPTION CALCULATOR'!C743) | J100: =IF(OR(F100="",G100=""),"",F100*G100)
A101: =IF('CONSUMPTION CALCULATOR'!B752="","",'CONSUMPTION CALCULATOR'!B752) | F101: =IF(E101="","",E101/$I$14) | G101: =IF('CONSUMPTION CALCULATOR'!B752="","",'CONSUMPTION CALCULATOR'!E752) | H101: =IF('CONSUMPTION CALCULATOR'!B752="","",'CONSUMPTION CALCULATOR'!C752) | J101: =IF(OR(F101="",G101=""),"",F101*G101)
A102: =IF('CONSUMPTION CALCULATOR'!B761="","",'CONSUMPTION CALCULATOR'!B761) | F102: =IF(E102="","",E102/$I$14) | G102: =IF('CONSUMPTION CALCULATOR'!B761="","",'CONSUMPTION CALCULATOR'!E761) | H102: =IF('CONSUMPTION CALCULATOR'!B761="","",'CONSUMPTION CALCULATOR'!C761) | J102: =IF(OR(F102="",G102=""),"",F102*G102)
A103: =IF('CONSUMPTION CALCULATOR'!B770="","",'CONSUMPTION CALCULATOR'!B770) | F103: =IF(E103="","",E103/$I$14) | G103: =IF('CONSUMPTION CALCULATOR'!B770="","",'CONSUMPTION CALCULATOR'!E770) | H103: =IF('CONSUMPTION CALCULATOR'!B770="","",'CONSUMPTION CALCULATOR'!C770) | J103: =IF(OR(F103="",G103=""),"",F103*G103)
...

Sheet RETAIL MARGIN
A1: GRAINSIFT · RETAIL MARGIN CALCULATOR · BRAND ONLY
A2: 🔒 STRICTLY CONFIDENTIAL · Visible to Brand only · Factory and Agent roles cannot access this sheet
A3: Auto-linked from Factory Costing Sheet · Yellow = Brand input · Green = Auto-calculated · Target FOB and Offer FOB compared
A5: A · PRODUCT REFERENCE · Auto-linked from Factory Costing
B6: BRAND / BUYER | E6: STYLE NAME | G6: STYLE # | I6: CATEGORY | K6: COSTING DATE | M6: STAGE
B7: =IF('FACTORY COSTING'!A6="","",'FACTORY COSTING'!A6) | D7: =IF('FACTORY COSTING'!C6="","",'FACTORY COSTING'!C6) | E7: =IF('FACTORY COSTING'!E6="","",'FACTORY COSTING'!E6) | G7: =IF('FACTORY COSTING'!H6="","",'FACTORY COSTING'!H6) | I7: =IF('FACTORY COSTING'!A8="","",'FACTORY COSTING'!A8) | K7: =IF('FACTORY COSTING'!J6="","",'FACTORY COSTING'!J6) | M7: =IF('FACTORY COSTING'!E8="","",'FACTORY COSTING'!E8)
A9: B · FOB COMPARISON · Target FOB (from Line Plan) vs Offer FOB (from Factory / Agent)
E10: TARGET FOB (from Line Plan) | G10: OFFER FOB (Factory / Agent) | I10: VARIANCE (Offer − Target) | K10: VARIANCE % | M10: STATUS
B11: FOB (USD per unit) | E11: =IF('FACTORY COSTING'!I8="","",'FACTORY COSTING'!I8) | G11: =IF('FACTORY COSTING'!J130=0,"",'FACTORY COSTING'!J130) | I11: =IF(AND(ISNUMBER(G11),ISNUMBER(E11)),G11-E11,"—") | K11: =IF(AND(ISNUMBER(G11),ISNUMBER(E11),E11<>0),(G11-E11)/E11,"—") | M11: =IF(OR(NOT(ISNUMBER(G11)),NOT(ISNUMBER(E11))),"—",IF(G11<=E11,"✅ On Target",IF((G11-E11)/E11<=0.05,"⚠ Slightly Over","❌ Over Budget")))
A13: C · DESTINATION & LANDED COST · Enter destination settings — or auto-loaded from Brand Master
B14: COST ITEM | E14: VALUE / RATE | G14: UNIT | I14: @ TARGET FOB (USD) | K14: @ OFFER FOB (USD) | M14: NOTE
B15: Destination Market | F15: Market (e.g. US / EU / JP)
B16: Sales Channel | F16: DTC / Wholesale / Outlet
B17: Import Duty % | E17: 0.08 | F17: % (enter as decimal)
B18: Ocean Freight (USD/unit) | E18: 1.8 | F18: USD per finished unit
B19: Import Handling / ISF | E19: 0.25 | F19: USD per unit (optional)
B20: Insurance % (of FOB) | E20: 0.005 | F20: % (enter as decimal)
B21: Agent / Handling Fees | E21: 0 | F21: USD per unit (optional)
B22: LANDED COST (Total) | I22: =IF(ISNUMBER(E11),E11+(E11*IF(ISNUMBER(E17),E17,0))+IF(ISNUMBER(E18),E18,0)+IF(ISNUMBER(E19),E19,0)+(E11*IF(ISNUMBER(E20),E20,0))+IF(ISNUMBER(E21),E21,0),"—") | K22: =IF(ISNUMBER(G11),G11+(G11*IF(ISNUMBER(E17),E17,0))+IF(ISNUMBER(E18),E18,0)+IF(ISNUMBER(E19),E19,0)+(G11*IF(ISNUMBER(E20),E20,0))+IF(ISNUMBER(E21),E21,0),"—") | M22: Auto-calculated
A24: D · RETAIL MARGIN ANALYSIS · Does this product meet your retail margin target?
B25: METRIC | E25: INPUT / SETTINGS | I25: @ TARGET FOB | K25: @ OFFER FOB | M25: NOTE
B26: Target Retail Price (USD) | I26: — | K26: — | M26: ★ Enter target retail price per unit (USD)
B27: Target Gross Margin % (your goal) | E27: 0.55 | I27: — | K27: — | M27: From Brand Master Sheet 06 (Retail Margin)
B28: Landed Cost (USD) | E28: Auto-linked from Section C | I28: =IF(ISNUMBER(I22),I22,"—") | K28: =IF(ISNUMBER(K22),K22,"—")
B29: Gross Profit $ (Retail − Landed) | E29: Auto-calculated | I29: =IF(AND(ISNUMBER(E26),ISNUMBER(I28),E26>0),E26-I28,"—") | K29: =IF(AND(ISNUMBER(E26),ISNUMBER(K28),E26>0),E26-K28,"—") | M29: (Retail − Landed Cost)
B30: ACTUAL Gross Margin % | E30: ★ KEY RESULT — compare to Target Margin below | I30: =IF(AND(ISNUMBER(E26),ISNUMBER(I28),E26>0),(E26-I28)/E26,"—") | K30: =IF(AND(ISNUMBER(E26),ISNUMBER(K28),E26>0),(E26-K28)/E26,"—")
B31: Target Margin % (brand goal) | E31: From cell E27 above | I31: =E27 | K31: =E27
B32: Margin Gap (Actual − Target) | E32: Positive = above target ✅ / Negative = below target ❌ | I32: =IF(AND(ISNUMBER(I30),ISNUMBER(E27)),I30-E27,"—") | K32: =IF(AND(ISNUMBER(K30),ISNUMBER(E27)),K30-E27,"—")
B33: STATUS | E33: ★ Final verdict — share with sourcing team | I33: =IF(NOT(ISNUMBER(I30)),"—",IF(I30>=E27,"✅ TARGET MET",IF(I30>=(E27-0.05),"⚠ CLOSE — REVIEW","❌ BELOW TARGET"))) | K33: =IF(NOT(ISNUMBER(K30)),"—",IF(K30>=E27,"✅ TARGET MET",IF(K30>=(E27-0.05),"⚠ CLOSE — REVIEW","❌ BELOW TARGET")))
A35: E · BREAKEVEN FOB · What is the maximum FOB to hit your target margin?
B36: ITEM | E36: VALUE | G36: FORMULA / NOTE | K36: IMPLICATION
B37: Retail Price (from D above) | E37: =IF(ISNUMBER(E26),E26,"—") | G37: Linked from Section D
B38: Landing Costs excl. FOB (Duty+Freight+etc) | E38: =IF(AND(ISNUMBER(E18),ISNUMBER(E19),ISNUMBER(E21)),E18+E19+E21,"—") | G38: Freight + Handling + Agent (fixed costs per unit)
B39: MAX FOB to hit target margin | E39: =IF(AND(ISNUMBER(E26),ISNUMBER(E27),ISNUMBER(E18)),(E26*(1-E27)-(IF(ISNUMBER(E18),E18,0)+IF(ISNUMBER(E19),E19,0)+IF(ISNUMBER(E21),E21,0)))/(1+IF(ISNUMBER(E17),E17,0)+IF(ISNUMBER(E20),E20,0)),"—") | G39: (Retail × (1 − Target%) − Fixed Costs) ÷ (1 + Duty% + Insurance%) | K39: This is the maximum you can pay as FOB
B40: OFFER FOB (submitted) | E40: =IF(ISNUMBER(G11),G11,"—") | G40: Linked from Section B (Factory / Agent Offer FOB)
B41: NEGOTIATION GAP (Max − Offer FOB) | E41: =IF(AND(ISNUMBER(E39),ISNUMBER(E40)),E39-E40,"—") | G41: Negative = need to negotiate down by this amount | K41: =IF(NOT(ISNUMBER(E41)),"—",IF(E41>=0,"✅ FOB within budget — margin achievable",IF(E41<0,"❌ Need FOB reduction: $"&TEXT(ABS(E41),"0.00")&" / unit","—")))
A43: F · BRAND NOTES · Internal sourcing notes (not shared with factory or agent)
B44: DATE | D44: REVIEWER | G44: NOTES / DECISION
A50: ⚠ This sheet is generated by GRAINSIFT and is BRAND CONFIDENTIAL. It is never included in factory or agent costing packages. | docs.grainsift.com

Sheet PRODUCT PHOTO
A1: GRAINSIFT · PRODUCT PHOTOS · SAMPLE & DETAIL RECORD
A2: After the sample is approved, insert photos into the frames below. Right-click a frame → insert / place picture.
A4: BUYER | C4: STYLE NAME | F4: STYLE # | H4: SEASON
A5: =IF('FACTORY COSTING'!A6="","",'FACTORY COSTING'!A6) | C5: =IF('FACTORY COSTING'!E6="","",'FACTORY COSTING'!E6) | F5: =IF('FACTORY COSTING'!H6="","",'FACTORY COSTING'!H6) | H5: =IF('FACTORY COSTING'!C6="","",'FACTORY COSTING'!C6)
A7: ① FRONT | F7: ② BACK
A8: photo | F8: photo
A16: ③ SIDE | F16: ④ DETAIL
A17: photo | F17: photo
A25: ⑤ LABEL & CARE | F25: ⑥ PACKAGING
A26: photo | F26: photo

Sheet CONSUMPTION CALCULATOR
A1: GRAINSIFT · CONSUMPTION CALCULATOR · MATERIAL MASTER
A2: For each material, name its pattern pieces down the block and enter each piece's consumption — the total sums automatically and flows into FACTORY COSTING.
A3: Legend: ■ amber = your input · ■ grey = auto total (locked). Unhide rows below to add more materials.
A4: NO | B4: MATERIAL / PATTERN PIECES | C4: UOM | E4: CONSUMPTION
A5: 1 | D5: TOTAL CONS → | E5: =IF(SUM(E6:E13)=0,"",SUM(E6:E13))
A6: piece
A7: piece
A8: piece
A9: piece
A10: piece
A11: piece
A12: piece
A13: piece
A14: 2 | D14: TOTAL CONS → | E14: =IF(SUM(E15:E22)=0,"",SUM(E15:E22))
A15: piece
A16: piece
A17: piece
A18: piece
A19: piece
A20: piece
A21: piece
A22: piece
A23: 3 | D23: TOTAL CONS → | E23: =IF(SUM(E24:E31)=0,"",SUM(E24:E31))
A24: piece
A25: piece
A26: piece
A27: piece
A28: piece
A29: piece
A30: piece
A31: piece
A32: 4 | D32: TOTAL CONS → | E32: =IF(SUM(E33:E40)=0,"",SUM(E33:E40))
A33: piece
A34: piece
A35: piece
A36: piece
A37: piece
A38: piece
A39: piece
A40: piece
A41: 5 | D41: TOTAL CONS → | E41: =IF(SUM(E42:E49)=0,"",SUM(E42:E49))
A42: piece
A43: piece
A44: piece
A45: piece
A46: piece
A47: piece
A48: piece
A49: piece
A50: 6 | D50: TOTAL CONS → | E50: =IF(SUM(E51:E58)=0,"",SUM(E51:E58))
A51: piece
A52: piece
A53: piece
A54: piece
A55: piece
A56: piece
A57: piece
A58: piece
A59: 7 | D59: TOTAL CONS → | E59: =IF(SUM(E60:E67)=0,"",SUM(E60:E67))
A60: piece
A61: piece
A62: piece
A63: piece
A64: piece
A65: piece
A66: piece
A67: piece
A68: 8 | D68: TOTAL CONS → | E68: =IF(SUM(E69:E76)=0,"",SUM(E69:E76))
A69: piece
A70: piece
A71: piece
A72: piece
A73: piece
A74: piece
A75: piece
A76: piece
A77: 9 | D77: TOTAL CONS → | E77: =IF(SUM(E78:E85)=0,"",SUM(E78:E85))
A78: piece
A79: piece
A80: piece
A81: piece
A82: piece
A83: piece
A84: piece
A85: piece
A86: 10 | D86: TOTAL CONS → | E86: =IF(SUM(E87:E94)=0,"",SUM(E87:E94))
A87: piece
A88: piece
A89: piece
A90: piece
A91: piece
A92: piece
A93: piece
A94: piece
A95: 11 | D95: TOTAL CONS → | E95: =IF(SUM(E96:E103)=0,"",SUM(E96:E103))
A96: piece
A97: piece
A98: piece
A99: piece
A100: piece
...

Sheet GUIDE
A1: GRAINSIFT · FACTORY COSTING v3.4 — QUICK GUIDE
A2: Fill only the amber cells. Everything grey is auto-calculated and locked.
B5: ① ORDER & STYLE
B6: Auto-filled from the buyer's line plan (buyer, style, category, order qty, TARGET FOB). Locked — nothing to enter here.
B8: ② FACTORY INPUT
B9: Your section — amber cells only. 2a: factory info, incoterms, local currency & exchange rate. 2b: material prices (item + consumption auto-link from the Consumption Calculator). 2c: CMT lump sum, Overhead %, Profit %.
B11: ③ FINAL PRICE
B12: Auto: Material + CMT + Overhead + Margin = FOB, compared against the Target FOB with a WITHIN / ABOVE status. Locked.
A15: CONSUMPTION CALCULATOR
A16: For each material, type its name + UOM, then name each pattern piece down the block and enter its cut consumption. The total sums automatically and flows into costing ② 2b.
A17: PRODUCT PHOTO
A18: After the sample is approved, insert photos into the labelled frames (front / back / side / detail / label / packaging).
A20: Support: docs.grainsift.com · info@grainsift.com
